 Dungeon Crawl Stone Soup version 0.29.0-4-gdea44cf6ec (webtiles) character file.

Game seed: 1516367174284050045

324 qw the Chopper (level 6, 0/48 HPs)
             Began as a Formicid Cinder Acolyte on Sept 4, 2022.
             Was an Elder of Ignis.
             Slain by Dowan
             ... wielding a +0 dagger
              (5 damage)
             ... on level 4 of the Dungeon.
             The game lasted 00:01:24 (4033 turns).

qw the Chopper (Formicid Cinder Acolyte)            Turns: 4033, Time: 00:01:24

Health: 0/48       AC: 17    Str: 21    XL:     6   Next: 78%
Magic:  7/7        EV:  7    Int: 13    God:    Ignis [****..]
Gold:   119        SH:  0    Dex:  9    Spells: 7/7 levels left

rFire   + . .      SeeInvis +   g - +0 hand axe
rCold   . . .      Faith    .   (no shield)
rNeg    . . .      Spirit   .   c - +2 chain mail "Lozu Mos" {Regen+}
rPois   .          Reflect  .   (helmet unavailable)
rElec   .          Harm     .   (no cloak)
rCorr   .          Rampage  .   (no gloves)
Will    .....                   (no boots)
Stlth   ..........              (no amulet)
HPRegen 0.96/turn               (no ring)
MPRegen 0.10/turn               (no ring)

@: fiery-armoured
A: permanent stasis, dig shafts and tunnels, antennae 3, four strong arms
a: Dig, Shaft Self, Renounce Religion, Fiery Armour, Foxfire Swarm, Rising Flame


You were on level 4 of the Dungeon.
You worshipped Ignis.
Ignis was greatly pleased with you.
You visited 1 branch of the dungeon, and saw 4 of its levels.

You collected 119 gold pieces.


Innate Abilities, Weirdness & Mutations

You cannot be hasted, slowed, berserked, paralysed or teleported.
You can dig through walls and to a lower floor.
You have a pair of large antennae on your head. (SInv)
Your four strong arms can wield two-handed weapons with a shield.


   Skills:
 - Level 3.7 Fighting
 - Level 6.5 Axes
 + Level 1.2 Armour
 - Level 1.0 Dodging
 - Level 1.1 Spellcasting
 - Level 3.0 Fire Magic


You had 7 spell levels left.
You didn't know any spells.
Your spell library contained the following spells:

 Spells                   Type           Power      Damage    Failure   Level
 Scorch                   Fire           16%        2d5       78%         2

Inventory:

Hand Weapons
 e - a +0 whip
 g - a +0 hand axe (weapon)
Armour
 c - the +2 chain mail "Lozu Mos" (worn) {Regen+}
   (You took it off a goblin on level 3 of the Dungeon)

   Regen:     It increases your rate of health regeneration.
Scrolls
 d - a scroll of identify
Potions
 a - a potion of mutation
 b - a potion of resistance {unknown}
 f - a potion of heal wounds {unknown}
 i - a potion of curing

Dungeon Overview and Level Annotations

Branches:
Dungeon (4/15)
 Temple: D:4-7

Altars:

Annotations:
D:3 2 transporters, qw's ghost, amateur BaCK
D:4 Dowan; Duvessa


Message History

You barely miss Duvessa.
Duvessa is moderately wounded.
Duvessa hits you with a +1 short sword of flaming!
Duvessa burns you.
Duvessa is burned by your cloak of flames.
Duvessa is moderately wounded.
You barely miss Duvessa.
Duvessa is moderately wounded.
Duvessa hits you with a +1 short sword of flaming.
You hit Duvessa but do no damage.
Duvessa is moderately wounded.
Duvessa hits you but does no damage.
Duvessa is burned by your cloak of flames.
Duvessa is moderately wounded.
You closely miss Duvessa.
Duvessa is moderately wounded.
You hit Dowan.
Duvessa hits you with a +1 short sword of flaming!
Duvessa burns you.
Duvessa is burned by your cloak of flames.
Duvessa is heavily wounded.
Dowan closely misses you.
You hit Duvessa.
Duvessa is severely wounded.
You hit Dowan. You hit Duvessa but do no damage.
Duvessa is severely wounded.
You hit Dowan. Duvessa hits you but does no damage.
Duvessa is burned by your cloak of flames.
Duvessa is severely wounded.
Dowan generates a fountain of clear water, and laughs cruelly.
Dowan hits you but does no damage.
Dowan is burned by your cloak of flames.
Dowan is moderately wounded.
You hit Duvessa.
Duvessa is severely wounded.
You closely miss Dowan. Duvessa barely misses you.
Dowan hits you with a +0 dagger.
You die...

....# #..........#
.e.. ....#
#..........#.....
...##
##......)..#.....
...
#......$^.......
...
................e..
...
.....##..#..##....
.....##..###..# ..
....# #..# #ee#
.... #.## ##@# ..
## ###


You could see Duvessa and Dowan.

Vanquished Creatures
  Sigmund (D:3)
  An orc priest (D:3)
  5 adders
  3 worms
  A dart slug (D:1)
  4 orcs (D:3)
  5 ball pythons
  4 endoplasms
  4 giant cockroaches
  12 goblins
  7 hobgoblins
  9 jackals
  3 quokkas
  4 bats
  4 frilled lizards
  2 kobolds (D:1)
  9 rats
78 creatures vanquished.

Notes
Turn   | Place    | Note
-------+----------+-------------------------------------------
     0 | D:1      | qw the Formicid Cinder Acolyte began the quest for the Orb.
     0 | D:1      | Reached XP level 1. HP: 18/18 MP: 2/2
     0 | D:1      | 0 ||| qw: Version: 0.1-a-102-g441f92d
     0 | D:1      | 0 ||| qw: Game counter: 5339
     0 | D:1      | 0 ||| qw: Always use a shield: true
     0 | D:1      | 0 ||| qw: God list: Okawaru
     0 | D:1      | 0 ||| qw: Allow faded altars: false
     0 | D:1      | 0 ||| qw: Do Orc after D:15 true
     0 | D:1      | 0 ||| qw: Do second Lair branch before Depths: true
     0 | D:1      | 0 ||| qw: Lair rune preference: random
     0 | D:1      | 0 ||| qw: Plans: Normal
     0 | D:1      | 0 ||| PLANNING D:1-11
   401 | D:1      | Found a faded altar of an unknown god.
   446 | D:1      | Reached XP level 2. HP: 24/24 MP: 3/3
   450 | D:1      | 450 ||| Stepping ~*~*~tactically~*~*~ (stealth).
   464 | D:1      | 464 ||| Stepping ~*~*~tactically~*~*~ (stealth).
   714 | D:1      | 714 ||| Stepping ~*~*~tactically~*~*~ (hiding).
   833 | D:1      | Reached skill level 4 in Axes
   833 | D:1      | Reached XP level 3. HP: 24/29 MP: 4/4
  1106 | D:1      | 1106 ||| INVOKING Fiery Armour.
  1342 | D:1      | 1342 ||| Stepping ~*~*~tactically~*~*~ (stealth).
  1343 | D:1      | 1343 ||| Stepping ~*~*~tactically~*~*~ (stealth).
  1346 | D:1      | Reached skill level 1 in Dodging
  1346 | D:1      | 1346 ||| Stepping ~*~*~tactically~*~*~ (stealth).
  1378 | D:1      | 1378 ||| Stepping ~*~*~tactically~*~*~ (stealth).
  1474 | D:1      | 1474 ||| UPGRADING to +1 leather armour of cold resistance.
  1484 | D:1      | 1484 ||| DROPPING +0 robe.
  1485 | D:1      | 1485 ||| READING scroll labelled OGUPIU QE ARPHEA.
  1486 | D:1      | 1486 ||| READING 2 scrolls labelled POLIAP EDDIRA.
  1487 | D:1      | 1487 ||| READING scroll labelled MUMYUC JEOJU.
  1488 | D:1      | 1488 ||| READING scroll labelled LOMEYB MOIPUME.
  1489 | D:1      | 1489 ||| READING scroll labelled IMEMASAUCA.
  1805 | D:2      | Reached XP level 4. HP: 26/35 MP: 5/5
  1898 | D:2      | 1898 ||| Stepping ~*~*~tactically~*~*~ (stealth).
  2471 | D:2      | 2471 ||| INVOKING Fiery Armour.
  2477 | D:2      | HP: 8/35 [poisoned by an adder]
  2796 | D:2      | Reached skill level 5 in Axes
  2894 | D:2      | 2894 ||| READING 2 scrolls labelled BIGO JIETZA.
  2895 | D:2      | 2895 ||| READING 2 scrolls labelled SOGHONUEFF.
  2896 | D:2      | 2896 ||| READING 2 scrolls labelled LENIGA ANOESK.
  2897 | D:2      | 2897 ||| READING scroll of brand weapon.
  2897 | D:2      | 2897 ||| BRANDING -1 hand axe of chaos.
  2976 | D:2      | 2976 ||| SWAPPING to +0 hand axe.
  2977 | D:2      | 2977 ||| DROPPING -1 vorpal hand axe.
  2978 | D:2      | 2978 ||| READING 2 scrolls of identify.
  2978 | D:2      | 2978 ||| IDENTIFYING murky puce potion
  2979 | D:2      | 2979 ||| DROPPING scroll of blinking.
  2980 | D:2      | 2980 ||| DROPPING scroll of immolation.
  2999 | D:3      | 2999 ||| STAIRDANCE
  3119 | D:3      | Noticed Sigmund
  3128 | D:3      | Reached XP level 5. HP: 29/41 MP: 6/6
  3133 | D:3      | 3133 ||| INVOKING Fiery Armour.
  3136 | D:3      | Killed Sigmund
  3137 | D:3      | Reached skill level 6 in Axes
  3137 | D:3      | Reached XP level 6. HP: 15/47 MP: 7/7
  3371 | D:3      | Identified the +2 chain mail "Lozu Mos" {Regen+}
  3372 | D:3      | 3372 ||| Stepping ~*~*~tactically~*~*~ (stealth).
  3378 | D:3      | 3378 ||| Stepping ~*~*~tactically~*~*~ (stealth).
  3415 | D:3      | 3415 ||| DROPPING +0 club.
  3451 | D:3      | 3451 ||| Stepping ~*~*~tactically~*~*~ (stealth).
  3476 | D:3      | 3476 ||| INVOKING Fiery Armour.
  3515 | D:3      | 3515 ||| FLEEEEING.
  3516 | D:3      | 3516 ||| FLEEEEING.
  3517 | D:3      | 3517 ||| FLEEEEING.
  3518 | D:3      | 3518 ||| FLEEEEING.
  3519 | D:3      | 3519 ||| FLEEEEING.
  3520 | D:3      | 3520 ||| FLEEEEING.
  3521 | D:3      | 3521 ||| STAIRDANCE
  3633 | D:2      | 3633 ||| UPGRADING to +2 chain mail "Lozu Mos" {Regen+}.
  3643 | D:2      | 3643 ||| DROPPING +1 leather armour of cold resistance.
  3644 | D:2      | 3644 ||| READING 2 scrolls of identify.
  3644 | D:2      | 3644 ||| IDENTIFYING lumpy clear potion
  3645 | D:2      | 3645 ||| DROPPING potion of brilliance.
  3666 | D:3      | Found a transporter.
  3669 | D:3      | Noticed qw's ghost (amateur BaCK)
  3673 | D:3      | 3673 ||| Stepping ~*~*~tactically~*~*~ (stealth).
  3674 | D:3      | 3674 ||| Stepping ~*~*~tactically~*~*~ (stealth).
  3694 | D:3      | Found a transporter.
  3704 | D:3      | 3704 ||| Stepping ~*~*~tactically~*~*~ (stealth).
  3807 | D:3      | 3807 ||| Stepping ~*~*~tactically~*~*~ (stealth).
  3937 | D:3      | 3937 ||| READING 2 scrolls of identify.
  3937 | D:3      | 3937 ||| IDENTIFYING bubbling silvery potion
  3974 | D:4      | Reached skill level 1 in Armour
  4011 | D:4      | Noticed Duvessa
  4012 | D:4      | Noticed Dowan
  4013 | D:4      | 4013 ||| Stepping ~*~*~tactically~*~*~ (stealth).
  4014 | D:4      | 4014 ||| Stepping ~*~*~tactically~*~*~ (stealth).
  4015 | D:4      | 4015 ||| Stepping ~*~*~tactically~*~*~ (stealth).
  4019 | D:4      | 4019 ||| Stepping ~*~*~tactically~*~*~ (stealth).
  4024 | D:4      | 4024 ||| Stepping ~*~*~tactically~*~*~ (stealth).
  4025 | D:4      | 4025 ||| INVOKING Fiery Armour.
  4027 | D:4      | HP: 11/48 [Duvessa/+1 short sword of flaming (7)]
  4030 | D:4      | HP: 3/48 [Duvessa/+1 short sword of flaming (7)]
  4033 | D:4      | Slain by Dowan

Levels and vault maps discovered:
D:1:      matt_arrival_los_fun, layout_basic, ebering_ecumenical_altar_rust,
          minmay_box_of_dots
D:2:      layout_loops_corners
D:3:      layout_rooms, gammafunk_ghost_mausoleum, uniq_sigmund
D:4:      layout_basic, gammafunk_temple_overflow_claw,
          chequers_serial_rivers_marsh, kennysheep_decorative_pillar,
          hangedman_decor_points, uniq_duvessa

Skill      XL: |  1  2  3  4  5  6 |
---------------+-------------------+-----
Axes           | 4 5 6 |  6.5
Dodging        | 1 |  1.0
Armour         | 1 |  1.2
Fighting       | |  3.7
Spellcasting   | |  1.1
Fire Magic     | |  3.0

Action                   |  1- 3 |  4- 6 || total
-------------------------+-------+-------++-------
Melee: Hand axe          |   107 |   160 ||   267
       Punch             |       |     2 ||     2
Invok: Fiery Armour      |     1 |     4 ||     5
  Use: Scroll            |     5 |     7 ||    12
 Stab: Distracted        |     1 |       ||     1
Armor: Robe              |    26 |       ||    26
       Leather armour    |     6 |    33 ||    39
       Chain mail        |       |    27 ||    27
Dodge: Dodged            |    69 |    59 ||   128

Table legend:
 A = Non-vault XP
 B = Vault XP
 C = Vault XP percentage of total XP
 D = Non-vault monster count
 E = Vault monster count
 F = Vault count percentage of total count
                 A         B        C        D         E       F
            +---------+---------+-------+---------+---------+-------
      Total |     239 |     225 |  48.5 |      76 |       2 |   2.6
            +---------+---------+-------+---------+---------+-------
        D:1 |      47 |       2 |   4.1 |      28 |       1 |   3.4
        D:2 |      87 |       0 |   0.0 |      21 |       0 |   0.0
        D:3 |      86 |     223 |  72.2 |      23 |       1 |   4.2
        D:4 |      19 |       0 |   0.0 |       4 |       0 |   0.0
            +---------+---------+-------+---------+---------+-------
